Map: Solaris LE

Players

ByuN - Winner!

  • Race: Terran Terran
  • Spawn Location: 1:00

GuMiho

  • Race: Terran Terran
  • Spawn Location: 7:00

VOD

Have the link to the VOD?

Description

Time

  • Played on: Nov. 29, 2023, 6:32 a.m.
  • Length: 8:42
Show
View Real Time Build Order
Export as new Build Order

ByuN Terran - Winner!

Build Orders:  

Get SALT Encoding   

  12  0:00  SCV  
  13  0:12  SCV  
  14  0:17  Supply Depot  
  14  0:24  SCV  
  15  0:39  SCV  
  15  0:40  Barracks  
  16  0:43  Refinery  
  16  0:51  SCV  
  17  0:58  Barracks  
  17  1:03  SCV  
  18  1:08  Refinery  
  18  1:15  SCV  
  19  1:27  Reaper  
  19  1:30  Orbital Command  
  20  1:41  Supply Depot  
  20  1:45  Reaper  
  21  1:55  SCV  
  21  1:59  Reaper  
  23  2:06  Factory  
  23  2:07  SCV  
  24  2:17  Reaper  
  24  2:19  SCV  
  26  2:31  SCV  
  26  2:33  Reaper  
  28  2:44  SCV  
  29  2:45  Command Center  
  29  2:51  Supply Depot  
  29  2:56  SCV  
  29  2:58  Factory Reactor  
  31  3:12  SCV  
  31  3:15  Starport  
  31  3:16  Marine x2  
  33  3:24  SCV  
  38  3:34  Cyclone x2  
  38  3:35  Refinery  
  38  3:36  SCV  
  39  3:45  Barracks Reactor  
  39  3:53  Starport Tech Lab  
  39  3:57  SCV, Orbital Command  
  40  4:06  Cyclone x2  
  40  4:09  SCV  
  45  4:15  Supply Depot  
  45  4:17  Raven  
  47  4:21  SCV  
  47  4:22  SCV  
  47  4:23  Marine x2  
  51  4:27  Supply Depot  
  51  4:31  Interference Matrix  
  51  4:33  SCV  
  51  4:34  SCV  
  53  4:44  Cyclone x2  
  57  4:47  SCV x2  
  57  4:52  Marine x2  
  59  4:56  Barracks Tech Lab  
  59  4:59  SCV x2  
  63  5:02  Supply Depot  
  63  5:11  SCV x2  
  63  5:12  Marine  
  66  5:15  Supply Depot, Marine  
  66  5:16  Stimpack  
  67  5:23  SCV x2  
  67  5:35  SCV, Marine x3  
  68  5:38  SCV  
  67  5:48  SCV  
  67  5:49  Command Center, Medivac x2  
  68  5:50  SCV  
  67  5:58  Engineering Bay  
  67  6:00  Engineering Bay  
  67  6:01  Siege Tank  
  67  6:02  Marine x2  
  70  6:05  Marine  
  70  6:11  SCV x2  
  66  6:20  Marine  
  66  6:23  Viking x2  
  66  6:24  SCV x2  
  72  6:31  Marine x2  
  74  6:35  Siege Tank  
  74  6:37  Marine  
  74  6:38  Terran Infantry Weapons Level 1  
  78  6:46  SCV x2  
  78  6:55  Marine x3  
  78  6:56  Missile Turret, Medivac x2  
  78  6:59  Missile Turret  
  85  7:12  Supply Depot  
  85  7:13  Siege Tank  
  88  7:16  SCV  
  88  7:20  Missile Turret  
  88  7:21  Orbital Command  
  89  7:29  Marine  
  89  7:30  Marine x2  
  89  7:33  SCV x2  
  94  7:40  Refinery  
  94  7:47  Marine x3  
  97  7:51  Barracks  
  97  7:54  SCV  
  97  7:57  SCV x2  
  100  8:01  Barracks x2  
  100  8:05  Marine x2  
  100  8:10  SCV x2  
  99  8:20  Marine  
  99  8:23  Marine x2  
Show
View Real Time Build Order
Export as new Build Order

GuMiho Terran 

Build Orders: Cyclone Opening 

Get SALT Encoding   

  12  0:00  SCV  
  13  0:12  SCV  
  14  0:17  Supply Depot  
  14  0:24  SCV  
  14  0:27  Refinery  
  15  0:39  SCV  
  16  0:44  Barracks  
  16  0:51  SCV  
  16  0:55  Refinery  
  17  1:03  SCV  
  18  1:15  SCV  
  19  1:31  Reaper, Orbital Command  
  20  1:33  Factory  
  20  1:43  Supply Depot  
  20  1:56  SCV  
  21  2:03  Reaper  
  21  2:08  SCV  
  23  2:17  Hellion  
  23  2:20  SCV  
  23  2:22  Command Center  
  26  2:30  Supply Depot  
  26  2:32  SCV  
  26  2:36  Barracks Reactor  
  27  2:38  Cyclone  
  29  2:44  SCV  
  30  2:56  SCV  
  31  3:01  Starport  
  31  3:08  SCV  
  32  3:19  Cyclone x2  
  36  3:21  SCV  
  37  3:28  Barracks Tech Lab  
  37  3:33  SCV  
  38  3:34  Orbital Command  
  38  3:39  Refinery, Medivac  
  40  3:44  Supply Depot  
  40  3:45  SCV  
  41  3:51  Cyclone  
  43  3:57  Cyclone, SCV  
  43  4:00  SCV  
  47  4:03  Supply Depot  
  47  4:09  SCV  
  48  4:13  SCV  
  49  4:20  Banshee  
  49  4:23  SCV  
  53  4:25  Cloaking Field, SCV  
  54  4:35  SCV  
  54  4:36  Cyclone x2  
  54  4:37  SCV  
  58  4:47  SCV  
  58  4:49  SCV  
  58  4:51  Command Center  
  60  4:59  SCV  
  61  5:01  SCV  
  61  5:02  Supply Depot  
  61  5:03  Banshee, Supply Depot  
  65  5:11  SCV  
  65  5:13  SCV  
  61  5:16  Cyclone x2  
  61  5:18  Barracks Tech Lab  
  65  5:23  SCV  
  65  5:25  SCV  
  64  5:36  SCV  
  64  5:37  SCV  
  63  5:48  Cyclone x2, Banshee  
  70  5:52  SCV x2  
  70  6:03  Stimpack  
  70  6:04  SCV x2  
  70  6:06  Engineering Bay, Barracks x2  
  70  6:07  Engineering Bay  
  68  6:13  Barracks x2  
  68  6:16  SCV x2  
  68  6:17  Orbital Command  
  70  6:28  SCV x2  
  70  6:32  Factory Reactor  
  72  6:35  Refinery  
  72  6:37  Terran Infantry Weapons Level 1  
  72  6:40  SCV  
  73  6:54  SCV x3  
  75  7:00  Barracks Reactor x2  
  73  7:03  Refinery x2  
  73  7:06  SCV x3  
  73  7:08  Starport Reactor  
  76  7:13  Factory  
  76  7:14  Marine x2  
  76  7:15  Marine x3  
  80  7:17  Siege Tank  
  80  7:18  SCV x3  
  80  7:21  Supply Depot x3  
  87  7:30  Missile Turret x2, SCV x3  
  87  7:32  Marine x3  
  87  7:33  Marine x2  
  87  7:36  Marine  
  96  7:38  Marine x3  
  96  7:42  SCV  
  100  7:47  Armory  
  100  7:49  Siege Tank  
  100  7:50  Marine x3  
  100  7:51  Marine x2  
  106  7:54  Marine  
  106  7:55  Marine  
  106  7:56  Marine x2  
  112  8:03  Medivac  
  114  8:06  Medivac  
  114  8:08  Marine x3  
  114  8:09  Marine x2  
  114  8:12  Marine  
  121  8:13  Marine x2  
  121  8:14  Marine  
Tags
 
Matchup
TvT
Race
Terran
Replay Pack
December 2023
Spawn Locations
Cross Positions
Add a new tag
Caveats
  • Supply blocks, unpowered buildings, or Contaminate may cause inaccurate times.
  • Supply counts are checked every 10 seconds.